cohdb
Replays
Latest Replays
All Replays
Popular Replays
Top Player Replays
Match Explorer
How It Works
Community
CoH3 Stats
Reddit
Sign in to upload your games and track your stats! →
Sign in with Steam
Match 45233597
Unlisted
Match 45233597
Overview
Messages
Build Orders
End
Royal Engineer Section
Construct Section Command Post
Selects Heavy Armor Battlegroup
Dingo Light Scout Car
Infantry Section
Infantry Section
Infantry Section
Selects Light Vehicle Withdraw and Refit
Grenade Package
Construct Field Infirmary
Selects UNKNOWN (202330)
Construct Platoon Command Post
Humber Armored Car
Infantry Section
Construct Company Command Post
Selects Rigorous Vehicle Training
Selects Forward Repair Assembly
Crusader AA Medium Tank
Crusader AA Medium Tank
Foot Guards Section
pagep
7k this year for sure
valhallaviky
GhoxxY
0
0
Comments
sign in to comment!
No comments posted yet!